cohdb
Replays
Latest Replays
All Replays
Popular Replays
Top Player Replays
Match Explorer
How It Works
Community
CoH3 Stats
Reddit
Sign in to upload your games and track your stats! →
Sign in with Steam
Match 41998501
Unlisted
Match 41998501
Overview
Messages
Build Orders
End
Kradschützen Motorcycle Team
Panzergrenadier Squad
250 Light Carrier
Construct Light Support Kompanie
Selects Italian Infantry
Panzerjäger Squad
MG34 Team
Selects Defensive Operations
Fire Support Elements
Flakvierling Half-track
Selects Guastatori Squad
Guastatori Squad
Selects Registered Artillery
le.IG 18 Support Gun Team
2.5-tonne Medical Truck
Selects Territory Booby Traps
Construct Panzerarmee Kommand
Walking Stuka Rocket Launcher
Pak 38 Anti-tank Gun Team
Selects Towed Cannone da 105/28 Field Howitzer
Armored Reserves
Guastatori Squad
Panzerpioneer Squad
Nukepapa
scorpion
Açucar Macabro
Gambit
0
0
Comments
sign in to comment!
No comments posted yet!